 Dungeon Crawl Stone Soup version 0.21.1-1-g345015f (webtiles) character file.

2251 empire the Ducker (level 9, -1/69 HPs)
             Began as a Gnoll Gladiator on Apr 5, 2018.
             Was a Priest of Cheibriados.
             Slain by an unseen horror (5 damage)
             ... on level 8 of the Dungeon.
             The game lasted 00:14:53 (6556 turns).

empire the Ducker (Gnoll Gladiator)                 Turns: 6556, Time: 00:14:54

Health: -1/69      AC: 11    Str: 30    XL:     9   Next: 37%
Magic:  15/15      EV: 19    Int: 18    God:    Cheibriados [***...]
Gold:   75         SH:  0    Dex: 25    Spells: 1/16 levels left

rFire    + . .     SeeInvis .   a - +2 war axe
rCold    . . .     Gourm    .   (no shield)
rNeg     . . .     Faith    .   i - +1 scale mail {rF+}
rPois    .         Spirit   .   c - +1 helmet
rElec    .         Reflect  .   y - +0 cloak
rCorr    .         Harm     .   (no gloves)
MR       .....                  (no boots)
Stlth    ++........             (no amulet)
HPRegen  0.21/turn              p - +1 ring of evasion
MPRegen  0.14/turn              (no ring)

@: mighty, lethally poisoned (-1 -> -1), very slow
A: distributed training, fangs 1, strong nose
a: Bend Time, Temporal Distortion, Renounce Religion


You were on level 8 of the Dungeon.
You worshipped Cheibriados.
Cheibriados was most pleased with you.
You were not hungry.

You visited 2 branches of the dungeon, and saw 9 of its levels.

You collected 375 gold pieces.
You spent 300 gold pieces at shops.

Inventory:

Hand Weapons
 a - a +2 war axe (weapon)
 b - a +2 shortbow of flaming
 n - a +4 scythe
 A - a +2 trident of venom
 B - a +0 quarterstaff of crushing
Missiles
 d - 3 throwing nets (quivered)
 e - 65 bolts
 k - 35 arrows
 w - 11 poisoned needles
 x - 4 needles of confusion
Armour
 c - a +1 helmet (worn)
 i - a +1 scale mail of fire resistance (worn)
 y - a +0 cloak (worn)
Jewellery
 p - a +1 ring of evasion (left hand)
 F - a +2 amulet of reflection {unknown}
Wands
 h - a wand of polymorph (11)
Scrolls
 j - a scroll of amnesia
 o - 4 scrolls of remove curse
 u - 2 scrolls of enchant weapon
 v - a scroll of teleportation
 G - a scroll of immolation {unknown}
Potions
 g - a potion of agility {unknown}
 l - a potion of might
 m - a potion of mutation {unknown}
 s - 2 potions of degeneration {unknown}
 t - 2 potions of brilliance
 z - 3 potions of lignification {unknown}
 D - a potion of magic {unknown}
 E - a potion of cancellation {unknown}
Books
 q - a book of Minor Magic

   Spells                             Type                      Level
   a - Magic Dart                     Conjuration                  1
   b - Blink                          Translocation                2
   c - Call Imp                       Summoning                    2
   d - Slow                           Hexes                        2
   e - Conjure Flame                  Conjuration/Fire             3
   f - Mephitic Cloud                 Conjuration/Poison/Air       3
 C - a book of Flames

   Spells                             Type                      Level
   a - Flame Tongue                   Conjuration/Fire             1
   b - Throw Flame                    Conjuration/Fire             2
   c - Conjure Flame                  Conjuration/Fire             3
   d - Inner Flame                    Hexes/Fire                   3
   e - Sticky Flame                   Conjuration/Fire             4
   f - Fireball                       Conjuration/Fire             5
 H - a book of Necromancy

   Spells                             Type                      Level
   a - Pain                           Necromancy                   1
   b - Animate Skeleton               Necromancy                   1
   c - Vampiric Draining              Necromancy                   3
   d - Regeneration                   Charms/Necromancy            3
   e - Animate Dead                   Necromancy                   4
   f - Borgnjor's Vile Clutch         Necromancy/Earth             5
Comestibles
 f - 17 rations


   Skills:
 + Level 6.2 Fighting
 + Level 4.1 Short Blades
 + Level 4.1 Long Blades
 + Level 7.8 Axes
 + Level 4.1 Maces & Flails
 + Level 4.1 Polearms
 + Level 4.1 Staves
 + Level 4.1 Slings
 + Level 4.1 Bows
 + Level 4.1 Crossbows
 + Level 6.2 Throwing
 + Level 4.1 Armour
 + Level 7.8 Dodging
 + Level 4.1 Stealth
 + Level 4.1 Shields
 + Level 4.1 Unarmed Combat
 + Level 4.1 Spellcasting
 + Level 3.3 Conjurations
 + Level 3.3 Hexes
 + Level 3.3 Charms
 + Level 3.3 Summonings
 + Level 3.3 Necromancy
 + Level 3.3 Translocations
 + Level 3.3 Transmutations
 + Level 3.3 Fire Magic
 + Level 3.3 Ice Magic
 + Level 3.3 Air Magic
 + Level 3.3 Earth Magic
 + Level 3.3 Poison Magic
 + Level 4.5 Invocations
 + Level 4.1 Evocations


You had one spell level left.
You knew the following spells:

 Your Spells              Type           Power        Failure   Level  Hunger
a - Blink                 Tloc           N/A          11%         2    ##.....
b - Call Imp              Summ           ###.....     11%         2    ##.....
c - Slow                  Hex            ###.....     11%         2    ##.....
d - Regeneration          Chrm/Necr      ###.......   22%         3    ###....
e - Mephitic Cloud        Conj/Pois/Air  ###.....     22%         3    ###....
f - Vampiric Draining     Necr           ###.......   22%         3    ###....


Dungeon Overview and Level Annotations

Branches:
Dungeon (8/15)             Temple (1/1) D:5
   Lair: D:8-11

Altars:
Ashenzari
Cheibriados
Dithmenos
Elyvilon
Fedhas
Gozag
Hepliaklqana
Kikubaaqudgha
Makhleb
Nemelex Xobeh
Qazlal
Ru
Sif Muna
Trog
Uskayaw
Vehumet
Wu Jian
Xom
Yredelemnul
Zin
The Shining One

Shops:
D:7 :


Innate Abilities, Weirdness & Mutations

Your experience applies equally to all skills.
You have very sharp teeth.
Your uncanny sense of smell can sniff out nearby items.


Message History

* * * LOW HITPOINT WARNING * * *
Deactivating autopickup; reactivate with Ctrl-A.
You miss something. You bite something.
You feel sick. Something barely misses you.
You closely miss something. Something hits you!
* * * LOW HITPOINT WARNING * * *
Something closely misses you.
You feel sick. Something barely misses you. Something barely misses you.
Something hits you but does no damage.
You slash something! Something hits you but does no damage.
You slice something!!
You feel sick. Something hits you but does no damage.
Something barely misses you.
You miss something. Something hits you.
* * * LOW HITPOINT WARNING * * *
You swing at nothing.
Something hits you but does no damage.
You swing at nothing.
Something hits you but does no damage.
You closely miss something.
You feel sick. Something hits you but does no damage.
You swing at nothing.
Something hits you.
You die...

#.### #.#.. ∆
#....##
##.....####
#.........
#.....#.#
####....#@#
.........{##.#
####.........#
#..########
#.. #. #. ∆ #


There were no monsters in sight!

Vanquished Creatures
  Grinder (D:6)
  A dream sheep (D:7)
  Sigmund (D:5)
  Duvessa (D:7)
  2 orc warriors
  An ogre (D:5)
  2 phantoms
  2 necrophages
  Dowan (D:7)
  A scorpion (D:5)
  5 howler monkeys
  2 crimson imps
  2 hounds
  An orc priest (D:6)
  A gnoll shaman (D:7)
  4 orc wizards
  A bullfrog skeleton (D:6)
  2 iguanas
  A centaur skeleton (D:5)
  4 worker ants
  A worker ant zombie (D:6)
  4 adders
  4 gnolls (D:7)
  A shadow imp (D:5)
  2 oozes
  An adder skeleton (D:4)
  3 worms
  A dart slug (D:1)
  3 leopard geckos
  16 orcs
  A ball python (D:4)
  4 bats
  7 giant cockroaches
  9 goblins
  3 hobgoblins
  4 jackals (D:2)
  3 quokkas
  4 frilled lizards (D:3)
  A goblin skeleton (D:6)
  2 goblin zombies (D:6)
  A hobgoblin zombie (D:6)
  5 kobolds
  A kobold zombie (D:6)
  2 leopard gecko skeletons (D:5)
  An orc skeleton (D:6)
  3 orc zombies (D:6)
  A quokka skeleton (D:4)
  A quokka zombie (D:6)
  3 rats
128 creatures vanquished.

Notes
Turn   | Place    | Note
-------+----------+-------------------------------------------
     0 | D:1      | empire the Gnoll Gladiator began the quest for the Orb.
     0 | D:1      | Reached XP level 1. HP: 20/20 MP: 1/1
    40 | D:1      | Reached XP level 2. HP: 26/26 MP: 2/2
   385 | D:1      | Reached XP level 3. HP: 28/31 MP: 3/3
   587 | D:2      | Found a radiant altar of Vehumet.
   711 | D:2      | Found a sparkling altar of Nemelex Xobeh.
   712 | D:2      | Found a bloodstained altar of Trog.
   741 | D:2      | Reached skill level 1 in Invocations
  1024 | D:2      | Found a deep blue altar of Sif Muna.
  1597 | D:3      | Reached skill level 1 in Short Blades
  1597 | D:3      | Reached skill level 1 in Long Blades
  1597 | D:3      | Reached skill level 1 in Maces & Flails
  1597 | D:3      | Reached skill level 1 in Polearms
  1597 | D:3      | Reached skill level 1 in Staves
  1597 | D:3      | Reached skill level 1 in Slings
  1597 | D:3      | Reached skill level 1 in Bows
  1597 | D:3      | Reached skill level 1 in Crossbows
  1597 | D:3      | Reached skill level 1 in Armour
  1597 | D:3      | Reached skill level 1 in Stealth
  1597 | D:3      | Reached skill level 1 in Shields
  1597 | D:3      | Reached skill level 1 in Unarmed Combat
  1597 | D:3      | Reached skill level 1 in Spellcasting
  1597 | D:3      | Reached skill level 1 in Evocations
  1605 | D:3      | Found a stormy altar of Qazlal.
  1622 | D:3      | Reached XP level 4. HP: 26/38 MP: 5/5
  2210 | D:4      | Reached skill level 1 in Conjurations
  2210 | D:4      | Reached skill level 1 in Hexes
  2210 | D:4      | Reached skill level 1 in Charms
  2210 | D:4      | Reached skill level 1 in Summonings
  2210 | D:4      | Reached skill level 1 in Necromancy
  2210 | D:4      | Reached skill level 1 in Translocations
  2210 | D:4      | Reached skill level 1 in Transmutations
  2210 | D:4      | Reached skill level 1 in Fire Magic
  2210 | D:4      | Reached skill level 1 in Ice Magic
  2210 | D:4      | Reached skill level 1 in Air Magic
  2210 | D:4      | Reached skill level 1 in Earth Magic
  2210 | D:4      | Reached skill level 1 in Poison Magic
  2367 | D:4      | Reached XP level 5. HP: 43/43 MP: 5/7
  2423 | D:4      | Found a hide-covered altar of Uskayaw.
  2432 | D:4      | Found a snail-covered altar of Cheibriados.
  2442 | D:4      | Became a worshipper of Cheibriados the Contemplative
  2479 | D:4      | Found a shattered altar of Ashenzari.
  2537 | D:4      | Found a blossoming altar of Fedhas.
  2948 | D:5      | Entered Level 5 of the Dungeon
  2956 | D:5      | Noticed a phantom
  2978 | D:5      | Killed a phantom
  2978 | D:5      | Reached XP level 6. HP: 26/50 MP: 8/8
  3133 | D:5      | Reached skill level 5 in Fighting
  3133 | D:5      | Reached skill level 5 in Throwing
  3195 | D:5      | Reached * piety under Cheibriados
  3237 | D:5      | Found a staircase to the Ecumenical Temple.
  3258 | Temple   | Entered the Ecumenical Temple
  3471 | D:5      | Found a white marble altar of Elyvilon.
  3471 | D:5      | Noticed Sigmund
  3605 | D:5      | Reached XP level 7. HP: 52/56 MP: 10/10
  3895 | D:5      | Found a sacrificial altar of Ru.
  3925 | D:5      | Killed Sigmund
  4208 | D:6      | Reached XP level 8. HP: 8/63 MP: 10/12
  4408 | D:6      | Noticed Grinder
  4416 | D:6      | Killed Grinder
  4626 | D:6      | Found a glowing golden altar of the Shining One.
  4632 | D:6      | Reached ** piety under Cheibriados
  5020 | D:7      | Noticed a two-headed ogre
  5386 | D:7      | Noticed a dream sheep
  5386 | D:7      | a two-headed ogre changed into a dream sheep
  5395 | D:7      | Killed a dream sheep
  5529 | D:7      | Reached XP level 9. HP: 62/69 MP: 14/14
  5663 | D:7      | Noticed Duvessa
  5682 | D:7      | Killed Duvessa
  5683 | D:7      | Noticed Dowan
  5694 | D:7      | Killed Dowan
  5694 | D:7      | Reached *** piety under Cheibriados
  6433 | D:7      | Found Kiupeeleu's Book Shop.
  6438 | D:7      | Bought a book of Minor Magic for 300 gold pieces
  6442 | D:7      | Learned a level 2 spell: Blink
  6445 | D:7      | Learned a level 2 spell: Call Imp
  6448 | D:7      | Learned a level 2 spell: Slow
  6452 | D:7      | Learned a level 3 spell: Regeneration
  6456 | D:7      | Learned a level 3 spell: Mephitic Cloud
  6460 | D:7      | Learned a level 3 spell: Vampiric Draining
  6529 | D:8      | Noticed a two-headed ogre
  6556 | D:8      | Slain by an unseen horror

Skill      XL: |  1  2  3  4  5  6  7  8  9 |
---------------+----------------------------+-----
Invocations    | 1 2 3 4 |  4.5
Short Blades   | 1 2 3 4 |  4.1
Long Blades    | 1 2 3 4 |  4.1
Maces & Flails | 1 2 3 4 |  4.1
Polearms       | 1 2 3 4 |  4.1
Staves         | 1 2 3 4 |  4.1
Slings         | 1 2 3 4 |  4.1
Bows           | 1 2 3 4 |  4.1
Crossbows      | 1 2 3 4 |  4.1
Armour         | 1 2 3 4 |  4.1
Stealth        | 1 2 3 4 |  4.1
Shields        | 1 2 3 4 |  4.1
Unarmed Combat | 1 2 3 4 |  4.1
Spellcasting   | 1 2 3 4 |  4.1
Evocations     | 1 2 3 4 |  4.1
Conjurations   | 1 2 3 |  3.3
Hexes          | 1 2 3 |  3.3
Charms         | 1 2 3 |  3.3
Summonings     | 1 2 3 |  3.3
Necromancy     | 1 2 3 |  3.3
Translocations | 1 2 3 |  3.3
Transmutations | 1 2 3 |  3.3
Fire Magic     | 1 2 3 |  3.3
Ice Magic      | 1 2 3 |  3.3
Air Magic      | 1 2 3 |  3.3
Earth Magic    | 1 2 3 |  3.3
Poison Magic   | 1 2 3 |  3.3
Fighting       | 5 6 |  6.2
Throwing       | 5 6 |  6.2
Axes           | 7 |  7.8
Dodging        | 7 |  7.8

Action                   |  1- 3 |  4- 6 |  7- 9 || total
-------------------------+-------+-------+-------++-------
Melee: War axe           |    83 |   103 |   161 ||   347
       Bite              |     5 |    11 |    36 ||    52
       Punch             |       |       |     4 ||     4
 Fire: Shortbow          |    12 |       |       ||    12
Throw: Throwing net      |       |       |     1 ||     1
Evoke: Wand              |       |       |     1 ||     1
  Use: Scroll            |       |    12 |     5 ||    17
       Potion            |       |       |     8 ||     8
 Stab: Sleeping          |     2 |     3 |     2 ||     7
  Eat: Chunk             |     2 |     3 |     4 ||     9
       Ration            |       |     1 |       ||     1
Armor: Leather armour    |    19 |    11 |    19 ||    49
       Scale mail        |       |       |    22 ||    22
Dodge: Dodged            |    69 |    80 |   154 ||   303
